 Dungeon Crawl Stone Soup version 0.31-a0-981-geadf994542 (webtiles) character file.

Game seed: 4027299162273613592

51 sammy202020 the Trooper (level 3, -4/36 HPs)
             Began as a Gargoyle Berserker on Oct 31, 2023.
             Was a Believer of Trog.
             Slain by a worm (6 damage)
             ... on level 2 of the Dungeon.
             The game lasted 00:01:03 (1039 turns).

sammy202020 the Trooper (Gargoyle Berserker)        Turns: 1039, Time: 00:01:04

Health: -4/36      AC: 10    Str: 20    XL:     3   Next: 83%
Magic:  3/3        EV: 10    Int:  9    God:    Trog [**....]
Gold:   90         SH:  0    Dex:  9    Spells: 2/2 levels left

rFire   . . .        a - +0 mace
rCold   . . .        (no shield)
rNeg    + . .        g - +0 scale mail
rPois   ∞            (no helmet)
rElec   +            (no cloak)
rCorr   .            (no gloves)
SInv    .            (no boots)
Will    .....        (no amulet) Stlth
                     (no ring)
HPRegen 0.26/turn    (no ring)
MPRegen 0.08/turn

%: no passive effects
@: berserking, very quick
A: sickness immunity, AC +3, negative energy resistance 1, electricity
resistance, torment resistance 1, petrification resistance
a: Renounce Religion, Berserk, Trog's Hand


You were on level 2 of the Dungeon.
You worshipped Trog.
Trog was pleased with you.
You visited 1 branch of the dungeon, and saw 2 of its levels.

You collected 90 gold pieces.

Inventory:

Hand Weapons
 a - a +0 mace (weapon)
Armour
 g - a +0 scale mail (worn)
Scrolls
 c - a scroll of fear {unknown}
Potions
 b - a potion of brilliance {unknown}
 d - a potion of lignification {unknown}
 e - a potion of curing {unknown}


   Skills:
 * Level 3.8 Fighting
 * Level 3.4 Maces & Flails
 * Level 3.0 Armour
 + Level 2.0 Dodging


You had 2 spell levels left.
You didn't know any spells.
Your spell library was empty.

Dungeon Overview and Level Annotations

Branches:
Dungeon (2/15)

Altars:


Innate Abilities, Weirdness & Mutations

You are immune to sickness and miasma.
Your stone body is resilient. (AC +3)
You are immune to poison.
You resist negative energy. (rN+)
You are resistant to electric shocks. (rElec)
You are resistant to unholy torment.
You are immune to petrification.


Message History

The worm bites you.
You hit the worm but do no damage.
The worm is lightly wounded.
The worm bites you.
You hit the worm but do no damage. You punch the worm.
The worm is lightly wounded.
The worm bites you!
* * * LOW HITPOINT WARNING * * *
You are too injured to fight recklessly!
You are too injured to fight recklessly!
You are too injured to fight recklessly!
You are too injured to fight recklessly!
You are too injured to fight recklessly!
You are too injured to fight recklessly!
You are too injured to fight recklessly!
You are too injured to fight recklessly!
You are too injured to fight recklessly!
You are too injured to fight recklessly!
You are too injured to fight recklessly!
You are too injured to fight recklessly!
You are too injured to fight recklessly!
You are too injured to fight recklessly!
You are too injured to fight recklessly!
A worm is nearby!
You hit the worm.
The worm is heavily wounded.
You hit the worm.
The worm is severely wounded.
The worm bites you.
* * * LOW HITPOINT WARNING * * *
You hit the worm but do no damage.
The worm is severely wounded.
The worm bites you.
* * * LOW HITPOINT WARNING * * *
A red film seems to cover your vision as you go berserk!
You feel yourself moving faster!
You feel mighty!
You hit the worm.
The worm is almost dead.
The worm bites you.
You die...

....... ......!
.......
.......#########
................
................
......†.........
#.@w......
###...|.....
#........... ###
#.##########
#########.###.#
......)...#...#
.########.#.###
.# #.....#.# .#
##.......#


You could see a worm.

Vanquished Creatures
  2 dart slugs (D:1)
  6 ball pythons
  2 endoplasms (D:1)
  2 giant cockroaches (D:1)
  5 goblins
  7 hobgoblins (D:1)
  2 jackals (D:1)
  7 bats
  2 frilled lizards (D:1)
  4 kobolds
  6 rats (D:1)
45 creatures vanquished.

Notes
Turn   | Place    | Note
-------+----------+-------------------------------------------
     0 | D:1      | sammy202020 the Gargoyle Berserker began the quest for the
                  | Orb.
     0 | D:1      | Reached XP level 1. HP: 14/14 MP: 1/1
    20 | D:1      | Reached XP level 2. HP: 14/19 MP: 2/2
   210 | D:1      | Reached ** piety under Trog
   290 | D:1      | Reached XP level 3. HP: 20/23 MP: 3/3
  1037 | D:2      | HP: 1/24 [worm (3)]
  1039 | D:2      | Slain by a worm

Illustrated notes

Levels and vault maps discovered:
D:1:      spicycebolla_arrival_xxxplode, layout_basic, minmay_close_crescents
D:2:      layout_basic, minmay_tall_x, uniq_crazy_yiuf_cottage

Skill      XL: |  1  2  3 |
---------------+----------+-----
Armour         | 3 |  3.0
Dodging        | 2 |  2.0
Fighting       | |  3.8
Maces & Flails | |  3.4

Action                     || total
---------------------------++-------
  Melee: Mace              ||   119
         Punch             ||     2
 Invoke: Berserk           ||     1
    Use: Scroll            ||     2
 Armour: Animal skin       ||    43
         Scale mail        ||    51
  Dodge: Dodged            ||    89

Table legend: (Time is in decaauts)
 A = Elapsed time spent in this place.
 B = Non-inter-level travel time spent in this place.
 C = Inter-level travel time spent in this place.
 D = Time resting spent in this place.
 E = Time spent auto-exploring this place.
 F = Levels seen in this place.
 G = Mean time per level.
                   A        B        C        D        E       F      G
               +--------+--------+--------+--------+--------+-----+--------+
         Total |   1066 |   1066 |      0 |      0 |    783 |   2 |  533.0 |
       Dungeon |   1066 |   1066 |      0 |      0 |    783 |   2 |  533.0 |
               +--------+--------+--------+--------+--------+-----+--------+

Top non-repeatable levels by time:
     D:1: 989 daAuts
     D:2: 77 daAuts
